 Dungeon Crawl Stone Soup version 0.27.0-1-g7a089689b8 (webtiles) character file.

Game seed: 1086603202666180389

4012 Sobieck the Spear-Bearer (level 10, -8/73 HPs)
             Began as a Merfolk Monk on Aug 5, 2021.
             Was a High Priest of Okawaru.
             Mangled by a boulder beetle (17 damage)
             ... on level 8 of the Dungeon.
             The game lasted 00:25:38 (9237 turns).

Sobieck the Spear-Bearer (Merfolk Monk)             Turns: 9237, Time: 00:25:38

Health: -8/73      AC:  7    Str: 21    XL:     10   Next: 23%
Magic:  12/12      EV: 12    Int:  9    God:    Okawaru [*****.]
Gold:   151        SH:  0    Dex: 13    Spells: 9/9 levels left

rFire    + . .     SeeInvis .   b - +7 quick blade of Dissent {elec, Str+6, shortrare=g}
rCold    x . .     Faith    .   (no shield)
rNeg     . . .     Spirit   .   J - +0 scale mail
rPois    .         Reflect  .   E - +0 helmet
rElec    .         Harm     .   (no cloak)
rCorr    +         Rampage  .   (no gloves)
Will     +++..                  (no boots)
Stlth    +.........             R - amulet of magic regeneration {@e2}
HPRegen  0.22/turn              C - ring of resist corrosion
MPRegen  0.38/turn              k - ring of Pocagiz {Fire Will+++ Dex-4}

@: no status effects
A: (nimble swimmer 2), mertail
a: Renounce Religion, Heroism, Finesse


You were on level 8 of the Dungeon.
You worshipped Okawaru.
Okawaru was extremely pleased with you.
You visited 1 branch of the dungeon, and saw 8 of its levels.

You collected 320 gold pieces.
You spent 169 gold pieces at shops.


Innate Abilities, Weirdness & Mutations

((You are quick and stealthy near water. (Stealth+, EV+, Speed+++)))
Your lower body shifts to a powerful aquatic tail in water.


   Skills:
 + Level 4.6 Fighting
 - Level 8.0 Short Blades
 - Level 14.2 Polearms
 + Level 2.1 Armour
 + Level 5.7 Dodging
 + Level 4.2 Stealth
 + Level 2.0 Shields
 + Level 3.0 Invocations
 + Level 2.7 Evocations


You had 9 spell levels left.
You didn't know any spells.
Your spell library contained the following spells:

 Spells                   Type           Power      Damage    Failure   Level
 Animate Skeleton         Necr           0%         N/A       75%         1
 Pain                     Necr           0%         1d4       75%         1
 Vampiric Draining        Necr           0%         2d6       98%         3

Inventory:

Hand Weapons
 b - the +7 quick blade of Dissent (weapon) {elec, Str+6, shortrare=g}
   (You found it on level 5 of the Dungeon)

   It occasionally discharges a powerful burst of electricity upon striking a
   foe.
   Str:       It affects your strength (+6).
 N - a +4 hunting sling {sling}
   (You took it off a goblin on level 4 of the Dungeon)
 Q - the +8 bardiche of Sin {venom, Contam rF++ rC+, polearm}
   (You acquired it on level 3 of the Dungeon)

   It poisons the flesh of those it strikes.
   rF:        It greatly protects you from fire.
   rC:        It protects you from cold.
   Contam:    It causes magical contamination when unequipped.
Missiles
 e - 177 arrows
 f - 363 stones (quivered) {throwing}
 h - 104 sling bullets
 n - 25 poisoned darts {throwing}
 p - 9 boomerangs {throwing}
 s - 84 bolts
 x - 2 curare-tipped darts {=fthrowing}
 z - 3 silver javelins {throwing}
 D - 8 datura-tipped darts {throwing}
 O - 2 throwing nets {=f!fthrowing}
Armour
 q - a +0 chain mail
   (You took it off an orc on level 2 of the Dungeon)
 r - a scarf of repulsion
   (Okawaru gifted it to you on level 8 of the Dungeon)
 E - a +0 helmet (worn)
   (You found it on level 4 of the Dungeon)
 J - a +0 scale mail (worn)
   (You found it on level 5 of the Dungeon)
 V - a +0 buckler
   (You bought it in a shop on level 3 of the Dungeon)
Jewellery
 k - the ring of Pocagiz (right hand) {Fire Will+++ Dex-4}
   (You acquired it on level 3 of the Dungeon)

   [ring of fire]

   It enhances your fire magic.
   Dex:       It affects your dexterity (-4).
   rF:        It protects you from fire.
   rC:        It makes you vulnerable to cold.
   Will:      It greatly increases your willpower.
 A - a +6 ring of intelligence
   (You found it on level 3 of the Dungeon)
 C - a ring of resist corrosion (left hand)
   (You found it on level 6 of the Dungeon)
 R - an amulet of magic regeneration (around neck) {@e2}
   (You found it on level 7 of the Dungeon)
Wands
 l - a wand of iceblast (8)
   (You took it off Joseph on level 8 of the Dungeon)
 y - a wand of polymorph (7)
   (You found it on level 3 of the Dungeon)
 M - a wand of flame (20)
   (You found it on level 5 of the Dungeon)
 T - a wand of paralysis (7)
   (You found it on level 7 of the Dungeon)
Scrolls
 a - 2 scrolls of identify {@r1}
 i - 2 scrolls of teleportation {@r4}
 o - 2 scrolls of vulnerability {unknown}
 t - 2 scrolls of enchant weapon {unknown}
 F - 3 scrolls of immolation {unknown}
 L - 2 scrolls of silence {unknown}
 S - a scroll of magic mapping {unknown}
 W - a scroll of enchant armour
Potions
 c - a potion of haste {@q3}
 d - 6 potions of curing {@q1}
 g - 3 potions of heal wounds {@q2}
 j - a potion of berserk rage {!q}
 m - a potion of invisibility
 v - 2 potions of lignification {!q}
 B - 2 potions of resistance
 K - a potion of attraction {unknown}
 P - a potion of degeneration {!q@e2}

Dungeon Overview and Level Annotations

Branches:
Dungeon (8/15)             Temple (0/1) D:6            Lair (0/6) D:8

Altars:
Cheibriados
Dithmenos
Elyvilon
Fedhas
Okawaru
Vehumet
Wu Jian
Beogh

Shops:
D:3 *   D:4 !   D:6 *

Annotations:
D:3 1 runed translucent door, ardl's ghost, amateur BaEE

.#.#####.....####
.......).....#..#
.........<.###.####
#.........##....### ####
##............#...###.....
#.÷.....##...............
#..####..######......!.....
##. ##..###...######..@..
##.<.)@### ....
#...##.B...# #@#
#..............# #
....####.........# #...
#.........# #.. #..........
... #.......... ###
.....⌠.....


You could see a boulder beetle.


Message History

You hit Joseph but do no damage. Joseph barely misses you.
You hit Joseph but do no damage. You closely miss Joseph.
Unknown command.
You closely miss Joseph. Joseph hits you with a +0 quarterstaff.
You hit Joseph. You hit Joseph. You puncture Joseph! Joseph closely misses you.
You hit Joseph. You closely miss Joseph. You hit Joseph but do no damage.
You hit Joseph but do no damage. Joseph misses you.
You hit Joseph. You barely miss Joseph. You puncture Joseph!
Joseph hits you with a +0 quarterstaff.
You hit Joseph. You closely miss Joseph.
Unknown command.
You barely miss Joseph.
Joseph tries to grin evilly.
Joseph hits you with a +0 quarterstaff!
You hit Joseph. You hit Joseph. You puncture Joseph!
Unknown command.
You hit Joseph. Joseph hits you with a +0 quarterstaff.
You hit Joseph. You hit Joseph. You hit Joseph but do no damage.
Joseph shouts, "At last, some action!"
Joseph hits you with a +0 quarterstaff!
* * * LOW HITPOINT WARNING * * *
You hit Joseph but do no damage.
Unknown command.
You completely miss Joseph. You hit Joseph.
Joseph hits you with a +0 quarterstaff!
* * * LOW HITPOINT WARNING * * *
You hit Joseph.
Unknown command.
You closely miss Joseph. You hit Joseph. You hit Joseph.
Joseph hits you with a +0 quarterstaff!
* * * LOW HITPOINT WARNING * * *
Unknown command.
You barely miss Joseph.
Unknown command.
You puncture Joseph!
You kill Joseph!
Okawaru accepts your kill. Something appears at your feet!
You see here a scarf of repulsion.
Okawaru grants you armour!
Your life force feels restored.
Your Shields skill increases to level 2!
Your Invocations skill increases to level 3!
h - 104 sling bullets (gained 24);
l - a wand of iceblast (8)
B - 2 potions of resistance (gained 1)
Things that are here:
a +0 quarterstaff {staff}; a +0 hunting sling {sling}; a +0 chain mail
r - a scarf of repulsion
Items here: )) [ ††.
Things that are here:
a +0 quarterstaff {staff}; a +0 hunting sling {sling}; a +0 chain mail You start resting.
A boulder beetle comes into view.
Danger!
Items here: )) [ ††.
There is a stone staircase leading up, spattered with blood here.
You climb upwards.
There is a stone staircase leading down, spattered with blood here.
Unknown command.
You start resting.
Unknown command.
You start resting.
Unknown command.
You start resting.
You climb downwards.
There is a stone staircase leading up, spattered with blood here.
Danger!
The boulder beetle curls into a ball and begins rolling!
Items here: )) [ ÷÷.
Unknown command.
The boulder beetle hits you!!!
Ouch! That really hurt!
* * * LOW HITPOINT WARNING * * *
The boulder beetle stops rolling and uncurls.
Things that are here:
a +0 chain mail; a +0 quarterstaff {staff}; a +0 hunting sling {sling} You hit the boulder beetle.
Lightning courses through the boulder beetle!
You hit the boulder beetle but do no damage.
Lightning courses through the boulder beetle!
The boulder beetle bites you!!
* * * LOW HITPOINT WARNING * * *
You puncture the boulder beetle!
Unknown command.
You hit the boulder beetle. You hit the boulder beetle.
You hit the boulder beetle but do no damage.
The boulder beetle bites you!
You die...

Skill      XL: |  1  2  3  4  5  6  7  8  9 10 |
---------------+-------------------------------+-----
Polearms       | 5 6 8 9 11 13 14 | 14.2
Short Blades   | 7 8 |  8.0
Invocations    | 2 3 |  3.0
Evocations     | 2 |  2.7
Armour         | 1 2 |  2.1
Stealth        | 3 4 |  4.2
Fighting       | 4 |  4.6
Dodging        | 5 |  5.7
Shields        | 1 2 |  2.0

Action                   |  1- 3 |  4- 6 |  7- 9 | 10-12 || total
-------------------------+-------+-------+-------+-------++-------
Melee: Spear             |   178 |    31 |       |       ||   209
       Tailslap          |     2 |     4 |       |       ||     6
       Trident           |       |   152 |   126 |       ||   278
       Quick blade       |       |       |   170 |    67 ||   237
       Halberd           |       |       |    14 |       ||    14
 Fire: Hunting sling     |       |    13 |       |       ||    13
Invok: Heroism           |       |     1 |       |       ||     1
  Use: Scroll            |       |     3 |     9 |       ||    12
       Potion            |       |     3 |       |       ||     3
 Stab: Sleeping          |     3 |     2 |       |       ||     5
Armor: Robe              |    10 |       |       |       ||    10
       Leather armour    |    15 |       |       |       ||    15
       Ring mail         |       |    47 |     8 |       ||    55
       Scale mail        |       |       |    51 |     3 ||    54
Dodge: Dodged            |    71 |   101 |    86 |    11 ||   269

Levels and vault maps discovered:
D:1:      lordsloth_arrival_two_stooges, layout_basic, grunt_decor_junction
D:2:      layout_loops_corners, hellmonk_ecumenical_altar_defaced_shrine,
          minmay_misc_feat_more_columns, grunt_decor_cap, minmay_pentomino_r4
D:3:      layout_rooms, okawaru_gym_becter, serial_shops,
          nicolae_shop_waterfront, hellmonk_ghost_happy_afterlife
D:4:      layout_loops_ring, serial_shops, nicolae_diamond_shop, serial_bayou,
          serial_bayou_shore_a, serial_bayou_crossing, serial_bayou_ford_a,
          serial_bayou_pond_c, uniq_robin
D:5:      layout_rooms, overflow_temple_1_default, nrook_pool_corridor,
          uniq_pikel
D:6:      layout_cave_pools, mainiacjoe_overflow_24_doors,
          minmay_temple_entry_ruins, nicolae_shop_sticking_my_neck_out
D:7:      layout_cave_pods, slow_altar_1, gammafunk_temple_overflow_forgotten
D:8:      layout_rooms, nicolae_qazlal_scattered_showers, david_lair_generic,
          nicolae_zen_rock_garden, nicolae_blasting_shop, serial_park_tiny_pond,
          uniq_joseph

Notes
Turn   | Place    | Note
-------+----------+-------------------------------------------
     0 | D:1      | Sobieck the Merfolk Monk began the quest for the Orb.
     0 | D:1      | Reached XP level 1. HP: 18/18 MP: 1/1
   157 | D:1      | Reached skill level 5 in Polearms
   161 | D:1      | Reached XP level 2. HP: 19/24 MP: 2/2
   962 | D:2      | Reached skill level 6 in Polearms
   962 | D:2      | Reached XP level 3. HP: 29/29 MP: 3/3
  1268 | D:2      | Found a faded altar of an unknown god.
  2543 | D:3      | Reached XP level 4. HP: 31/35 MP: 4/4
  2544 | D:3      | Reached skill level 7 in Polearms
  2639 | D:3      | Found Gelosoih's General Store.
  2687 | D:3      | Bought a +0 trident for 38 gold pieces
  2859 | D:3      | Found an iron altar of Okawaru.
  2868 | D:3      | Became a worshipper of Warmaster Okawaru
  2868 | D:3      | Reached * piety under Okawaru
  2868 | D:3      | Reached ** piety under Okawaru
  3148 | D:3      | Found a runed translucent door.
  3148 | D:3      | Noticed ardl's ghost (amateur BaEE)
  3186 | D:3      | You pick up a book of Necromancy and begin reading...
  3186 | D:3      | You add the spells Pain, Animate Skeleton and Vampiric
                  | Draining to your library.
  3412 | D:4      | Reached skill level 8 in Polearms
  3412 | D:4      | Reached XP level 5. HP: 38/41 MP: 5/5
  3776 | D:4      | Reached skill level 9 in Polearms
  3784 | D:4      | HP: 9/41 [orc (3)]
  3789 | D:4      | Reached XP level 6. HP: 6/47 MP: 3/6
  4094 | D:3      | Identified a scroll of acquirement
  4095 | D:3      | Acquired the ring of Pocagiz {Fire Will+++ Dex-4}
  4180 | D:4      | Found Bear's Distillery.
  4318 | D:4      | Noticed a black bear
  4344 | D:4      | Killed a black bear
  4345 | D:4      | Reached skill level 10 in Polearms
  4373 | D:4      | Noticed Robin
  4380 | D:4      | HP: 7/47 [centaur/arrow (13)]
  4428 | D:4      | Killed Robin
  4747 | D:5      | Entered Level 5 of the Dungeon
  4747 | D:5      | Found an ornate altar of the Wu Jian Council.
  4747 | D:5      | Noticed a water moccasin
  4756 | D:4      | HP: 11/47 [water moccasin (4)]
  4760 | D:4      | Killed a water moccasin
  4761 | D:4      | Reached skill level 11 in Polearms
  4761 | D:4      | Reached XP level 7. HP: 34/52 MP: 7/7
  4888 | D:5      | Noticed Pikel
  4897 | D:4      | Reached *** piety under Okawaru
  5072 | D:4      | Killed Pikel
  5073 | D:4      | Reached skill level 13 in Polearms
  5073 | D:4      | Reached XP level 8. HP: 32/58 MP: 8/8
  5354 | D:5      | Identified the +7 quick blade of Dissent {elec, Str+6}
  5355 | D:5      | N - the +7 quick blade of Dissent {elec, Str+6,
                  | shortrare=g}
  5356 | D:5      | N - the +7 quick blade of Dissent (weapon) {elec, Str+6,
                  | shortrare=g}
  5357 | D:5      | N - the +7 quick blade of Dissent (weapon) {elec, Str+6,
                  | shortrare=g}
  5357 | D:5      | b - the +7 quick blade of Dissent (weapon) {elec, Str+6,
                  | shortrare=g}
  5357 | D:5      | the +7 quick blade of Dissent {elec, Str+6, shortrare=g}
                  | stops crackling.
  5358 | D:5      | b - the +7 quick blade of Dissent (weapon) {elec, Str+6,
                  | shortrare=g}
  5365 | D:5      | the +7 quick blade of Dissent {elec, Str+6, shortrare=g}
                  | stops crackling.
  5396 | D:5      | b - the +7 quick blade of Dissent (weapon) {elec, Str+6,
                  | shortrare=g}
  5400 | D:5      | Reached skill level 2 in Short Blades
  5400 | D:5      | the +7 quick blade of Dissent {elec, Str+6, shortrare=g}
                  | stops crackling.
  5442 | D:5      | Reached **** piety under Okawaru
  5443 | D:5      | Reached skill level 3 in Short Blades
  5456 | D:5      | b - the +7 quick blade of Dissent (weapon) {elec, Str+6,
                  | shortrare=g}
  5470 | D:5      | Reached skill level 4 in Short Blades
  5612 | D:5      | the +7 quick blade of Dissent {elec, Str+6, shortrare=g}
                  | stops crackling.
  5963 | D:6      | b - the +7 quick blade of Dissent (weapon) {elec, Str+6,
                  | shortrare=g}
  5968 | D:6      | Reached skill level 5 in Short Blades
  5968 | D:6      | the +7 quick blade of Dissent {elec, Str+6, shortrare=g}
                  | stops crackling.
  5983 | D:6      | b - the +7 quick blade of Dissent (weapon) {elec, Str+6,
                  | shortrare=g}
  5989 | D:6      | Reached skill level 6 in Short Blades
  6158 | D:6      | Found Duvai's Neck Hole.
  6170 | D:6      | the +7 quick blade of Dissent {elec, Str+6, shortrare=g}
                  | stops crackling.
  6177 | D:6      | b - the +7 quick blade of Dissent (weapon) {elec, Str+6,
                  | shortrare=g}
  6179 | D:6      | the +7 quick blade of Dissent {elec, Str+6, shortrare=g}
                  | stops crackling.
  6301 | D:6      | Found a blossoming altar of Fedhas.
  6359 | D:6      | Found a staircase to the Ecumenical Temple.
  6379 | D:6      | b - the +7 quick blade of Dissent (weapon) {elec, Str+6,
                  | shortrare=g}
  6382 | D:6      | Reached skill level 7 in Short Blades
  6382 | D:6      | Reached XP level 9. HP: 52/64 MP: 9/9
  6382 | D:6      | the +7 quick blade of Dissent {elec, Str+6, shortrare=g}
                  | stops crackling.
  6550 | D:6      | b - the +7 quick blade of Dissent (weapon) {elec, Str+6,
                  | shortrare=g}
  6553 | D:6      | the +7 quick blade of Dissent {elec, Str+6, shortrare=g}
                  | stops crackling.
  6706 | D:7      | b - the +7 quick blade of Dissent (weapon) {elec, Str+6,
                  | shortrare=g}
  6709 | D:7      | the +7 quick blade of Dissent {elec, Str+6, shortrare=g}
                  | stops crackling.
  6913 | D:7      | b - the +7 quick blade of Dissent (weapon) {elec, Str+6,
                  | shortrare=g}
  6916 | D:7      | the +7 quick blade of Dissent {elec, Str+6, shortrare=g}
                  | stops crackling.
  6944 | D:7      | b - the +7 quick blade of Dissent (weapon) {elec, Str+6,
                  | shortrare=g}
  6945 | D:7      | the +7 quick blade of Dissent {elec, Str+6, shortrare=g}
                  | stops crackling.
  6956 | D:7      | b - the +7 quick blade of Dissent (weapon) {elec, Str+6,
                  | shortrare=g}
  7116 | D:7      | Found a shadowy altar of Dithmenos.
  7117 | D:7      | Found a white marble altar of Elyvilon.
  7117 | D:7      | Found a radiant altar of Vehumet.
  7149 | D:7      | the +7 quick blade of Dissent {elec, Str+6, shortrare=g}
                  | stops crackling.
  7152 | D:7      | b - the +7 quick blade of Dissent (weapon) {elec, Str+6,
                  | shortrare=g}
  7153 | D:7      | the +7 quick blade of Dissent {elec, Str+6, shortrare=g}
                  | stops crackling.
  7202 | D:7      | b - the +7 quick blade of Dissent (weapon) {elec, Str+6,
                  | shortrare=g}
  7213 | D:7      | Reached skill level 8 in Short Blades
  7215 | D:7      | Reached skill level 14 in Polearms
  7316 | D:7      | the +7 quick blade of Dissent {elec, Str+6, shortrare=g}
                  | stops crackling.
  7337 | D:7      | b - the +7 quick blade of Dissent (weapon) {elec, Str+6,
                  | shortrare=g}
  7353 | D:7      | the +7 quick blade of Dissent {elec, Str+6, shortrare=g}
                  | stops crackling.
  7367 | D:7      | b - the +7 quick blade of Dissent (weapon) {elec, Str+6,
                  | shortrare=g}
  7393 | D:7      | Reached skill level 1 in Invocations
  7405 | D:7      | Reached skill level 1 in Evocations
  7565 | D:7      | the +7 quick blade of Dissent {elec, Str+6, shortrare=g}
                  | stops crackling.
  7578 | D:7      | b - the +7 quick blade of Dissent (weapon) {elec, Str+6,
                  | shortrare=g}
  7585 | D:7      | the +7 quick blade of Dissent {elec, Str+6, shortrare=g}
                  | stops crackling.
  7668 | D:7      | b - the +7 quick blade of Dissent (weapon) {elec, Str+6,
                  | shortrare=g}
  7671 | D:7      | Reached ***** piety under Okawaru
  7679 | D:7      | Reached skill level 1 in Armour
  7679 | D:7      | Reached skill level 3 in Stealth
  7869 | D:3      | Bought a +0 buckler for 49 gold pieces
  7869 | D:3      | Bought a scroll of enchant armour for 82 gold pieces
  7869 | D:3      | Acquired the +8 bardiche of Sin {venom, Contam rF++ rC+}
  7980 | D:7      | Found a snail-covered altar of Cheibriados.
  8375 | D:8      | Reached skill level 4 in Fighting
  8393 | D:7      | Reached skill level 5 in Dodging
  8393 | D:7      | Reached skill level 2 in Invocations
  8472 | D:8      | Noticed an elephant
  8489 | D:7      | Reached skill level 2 in Evocations
  8560 | D:7      | Killed an elephant
  8561 | D:7      | Reached skill level 1 in Shields
  8561 | D:7      | Reached XP level 10. HP: 52/73 MP: 11/11
  8664 | D:8      | Found a staircase to the Lair.
  8681 | D:8      | Reached skill level 4 in Stealth
  8768 | D:8      | Noticed Joseph
  8800 | D:8      | Reached skill level 2 in Armour
  8944 | D:8      | HP: 11/72 [Joseph (12)]
  8946 | D:8      | Killed Joseph
  8946 | D:8      | Received a gift from Okawaru
  8947 | D:8      | Reached skill level 2 in Shields
  8947 | D:8      | Reached skill level 3 in Invocations
  8978 | D:8      | Noticed a boulder beetle
  9233 | D:8      | HP: 9/73 [boulder beetle (21)]
  9237 | D:8      | Mangled by a boulder beetle

Vanquished Creatures
  Pikel (D:4)
  An elephant (D:7)
  Joseph (D:8)
  A yak (D:7)
  A basilisk (D:7)
  A wyvern (D:7)
  A steam dragon (D:8)
  3 water moccasins
  4 black bears
  An ice beast (D:6)
  An orc warrior (D:7)
  3 centaurs
  2 phantoms
  A bullfrog (D:7)
  A scorpion (D:7)
  4 wights (D:7)
  2 howler monkeys
  A centaur zombie (D:7)
  3 gnoll shamans
  2 hounds
  3 jellies
  A bullfrog skeleton (D:7)
  An iron imp (D:7)
  An iguana (D:7)
  8 orc wizards
  A howler monkey zombie (D:8)
  Robin (D:4)
  12 gnolls
  4 adders
  A white imp (D:6)
  4 dart slugs
  23 orcs
  3 ball pythons
  6 bats
  8 endoplasms
  7 goblins
  5 hobgoblins
  4 jackals (D:3)
  8 kobolds
  2 quokkas
  4 frilled lizards
  A rat (D:3)
143 creatures vanquished.

Vanquished Creatures (others)
  2 goblins (D:4)
  A bush (D:7)
  21 plants (D:4)
24 creatures vanquished.

Grand Total: 167 creatures vanquished

Table legend:
 A = Non-vault XP
 B = Vault XP
 C = Vault XP percentage of total XP
 D = Non-vault monster count
 E = Vault monster count
 F = Vault count percentage of total count
                 A         B        C        D         E       F
            +---------+---------+-------+---------+---------+-------
      Total |    3594 |    2138 |  37.3 |     121 |      22 |  15.4
            +---------+---------+-------+---------+---------+-------
        D:1 |      23 |       0 |   0.0 |      12 |       0 |   0.0
        D:2 |      33 |      18 |  35.3 |       8 |       8 |  50.0
        D:3 |      64 |       0 |   0.0 |      23 |       0 |   0.0
        D:4 |     584 |     633 |  52.0 |      23 |       8 |  25.8
        D:5 |     571 |       0 |   0.0 |       8 |       0 |   0.0
        D:6 |     484 |       0 |   0.0 |       6 |       0 |   0.0
        D:7 |    1525 |     921 |  37.7 |      36 |       4 |  10.0
        D:8 |     310 |     566 |  64.6 |       5 |       2 |  28.6
            +---------+---------+-------+---------+---------+-------

Illustrated notes

Table legend:
 A = Kills in this place as a percentage of kills in entire the game.
 B = Kills by you in this place as a percentage of kills by you in the entire game.
 C = Kills by friends in this place as a percentage of kills by friends in the entire game.
 D = Other kills in this place as a percentage of other kills in the entire game.
 E = Experience gained in this place as a percentage of experience gained in the entire game.
 F = Experience gained in this place divided by the number of levels of this place that you have seen.
                   A       B       C       D       E      F
               +-------+-------+-------+-------+-------+----------------------
         Total | 100.0 | 100.0 |   N/A |   N/A | 100.0 | 716.5
       Dungeon | 100.0 | 100.0 |   N/A |   N/A | 100.0 | 716.5
               +-------+-------+-------+-------+-------+----------------------

Table legend: (Time is in decaauts)
 A = Elapsed time spent in this place.
 B = Non-inter-level travel time spent in this place.
 C = Inter-level travel time spent in this place.
 D = Time resting spent in this place.
 E = Time spent auto-exploring this place.
 F = Levels seen in this place.
 G = Mean time per level.
                   A        B        C        D        E       F      G
               +--------+--------+--------+--------+--------+-----+--------+
         Total |   8876 |   8555 |    321 |   2680 |   4434 |   8 | 1109.5 |
       Dungeon |   8876 |   8555 |    321 |   2680 |   4434 |   8 | 1109.5 |
               +--------+--------+--------+--------+--------+-----+--------+

Top non-repeatable levels by time:
     D:7: 2028 daAuts
     D:4: 1738 daAuts
     D:2: 1704 daAuts
     D:3: 942 daAuts
     D:1: 752 daAuts
     D:5: 751 daAuts
     D:6: 746 daAuts
     D:8: 212 daAuts
